 Dungeon Crawl Stone Soup version 0.27.1-34-g3ba077fa99 (webtiles) character file.

Game seed: 9143680601506632236

290 cbfl8 the Sneak (level 6, -4/53 HPs)
             Began as a Minotaur Delver on Jan 28, 2022.
             Was a Believer of Yredelemnul.
             Slain by Duvessa (6 damage)
             ... on level 4 of the Dungeon.
             The game lasted 00:12:53 (4868 turns).

cbfl8 the Sneak (Minotaur Delver)                   Turns: 4868, Time: 00:12:55

Health: -4/53      AC:  8    Str: 18    XL:     6   Next: 9%
Magic:  5/5        EV: 11    Int:  7    God:    Yredelemnul [**....]
Gold:   101        SH:  0    Dex: 12    Spells: 5/5 levels left

rFire    . . .     SeeInvis .   r - +3 dagger (venom)
rCold    . . .     Faith    .   (no shield)
rNeg     . . .     Spirit   .   h - +0 chain mail
rPois    .         Reflect  .   (helmet restricted)
rElec    .         Harm     .   (no cloak)
rCorr    +         Rampage  .   (no gloves)
Will     .....                  (no boots)
Stlth    ..........             (no amulet)
HPRegen  0.17/turn              m - ring of resist corrosion
MPRegen  0.09/turn              y - +4 ring of evasion

@: no status effects
A: horns 2, retaliatory headbutt
a: Renounce Religion, Animate Remains, Recall Undead Slaves, Injury Mirror


You were on level 4 of the Dungeon.
You worshipped Yredelemnul.
Yredelemnul was pleased with you.
You visited 2 branches of the dungeon, and saw 6 of its levels.

You collected 101 gold pieces.

Inventory:

Hand Weapons
 a - a +0 hand axe
 r - a +3 dagger of venom (weapon)
Missiles
 o - 37 arrows
 w - 6 large rocks
 x - 53 stones
Armour
 b - a +0 leather armour
 h - a +0 chain mail (worn)
Jewellery
 m - a ring of resist corrosion (left hand)
 y - a +4 ring of evasion (right hand)
Wands
 g - a wand of digging (3)
Scrolls
 c - a scroll of fog
 d - 2 scrolls of magic mapping
 e - a scroll of fear
 j - a scroll of silence {unknown}
 k - a scroll of teleportation {unknown}
 l - a scroll of summoning {unknown}
 p - a scroll of amnesia
 q - a scroll of immolation {unknown}
 t - a scroll of identify {unknown}
 u - a scroll of torment {unknown}
Potions
 f - a potion of haste
 i - a potion of resistance {unknown}
 n - a potion of lignification {unknown}
 v - a potion of magic {unknown}


   Skills:
 + Level 4.7 Fighting
 + Level 0.3 Short Blades
 + Level 3.6 Axes
 + Level 2.3 Armour
 + Level 2.4 Dodging
 + Level 5.5 Stealth
 + Level 1.3 Invocations


You had 5 spell levels left.
You didn't know any spells.
Your spell library contained the following spells:

 Spells                   Type           Power      Damage    Failure   Level
 Beastly Appendage        Tmut           0%         N/A       100%        1
 Slow                     Hex            0%         N/A       100%        2
 Wereblood                Tmut           0%         N/A       100%        2
 Confusing Touch          Hex            0%         N/A       100%        3
 Spider Form              Tmut/Pois      0%         N/A       100%        3
 Yara's Violent Unravell  Hex/Tmut       0%         3d3       100%        5


Dungeon Overview and Level Annotations

Branches:
Dungeon (5/15)             Temple (1/1) D:5

Altars:
Ashenzari
Dithmenos
Elyvilon
Fedhas
Hepliaklqana
Makhleb
Qazlal
Ru
Trog
Yredelemnul
Beogh
Lugonu

Shops:
D:1 =

Annotations:
D:4 Dowan, Duvessa


Innate Abilities, Weirdness & Mutations

You have a pair of horns on your head.
You reflexively headbutt those who attack you in melee.


Message History

Duvessa and Dowan come into view.
Duvessa is wielding a +2 rapier of speed.
Dowan is wielding a +0 dagger of distortion and wearing a +2 robe of cold resistance.
Duvessa shouts!
Dowan casts a spell.
Dowan blinks!
Dowan moves out of view.
You hit Duvessa.
Duvessa is poisoned.
Duvessa is lightly wounded.
Duvessa closely misses you.
You closely miss Duvessa. You headbutt Duvessa!
Duvessa is moderately wounded.
Duvessa hits you with a +2 rapier of speed! x2
You hit Duvessa.
Duvessa is heavily wounded.
Dowan says, "Stay away from my face!"
Duvessa hits you with a +2 rapier of speed.
You hit Dowan.
Dowan is lightly wounded.
Dowan hits you but does no damage.
You blink.
As you read the scroll labelled KOITHRE XOXTONA, it crumbles to dust.
It is a scroll of amnesia.
You feel forgetful for a moment.
Unknown command.
As you read the scroll labelled RAACZATROE, it crumbles to dust.
It is a scroll of enchant weapon.
Your +2 dagger of venom glows red for a moment.
Dowan mumbles some strange words.
Dowan blinks!
Dowan says, "Magic and the sword, together, will defeat you."
Dowan casts a spell at you. You resist with some effort.
Duvessa hits you with a +2 rapier of speed!
Duvessa hits you with a +2 rapier of speed.
You hit Duvessa.
Duvessa is severely wounded.
Dowan hits you with a +0 dagger of distortion.
Space warps horribly around you!
* * * LOW HITPOINT WARNING * * *
Duvessa hits you with a +2 rapier of speed.
You die...
Your body rises from the dead as a mindless zombie.

#.#### #....#
####.###
..#...# ####
#.###.# #..#
#.###.# #..#
#e#...#
#e.#####.#.###
####.@e.....#.#
#....########.#
#....####.....#
#....'..#.#####
#....##.#...#
#######.###.##
#.#....#
#.#.#..#
#.#.####


You could see Duvessa (poisoned) and Dowan.

Vanquished Creatures
  A scorpion (D:4)
  A bullfrog skeleton (D:5)
  Natasha (thrice) (D:2)
  Robin (D:2)
  2 adders (D:3)
  2 worms (D:2)
  A dart slug (D:1)
  2 orcs (D:3)
  A bat (D:1)
  7 endoplasms
  5 giant cockroaches
  11 hobgoblins
  10 kobolds
  4 quokkas
  3 ball pythons
  4 frilled lizards (D:1)
  11 goblins
  6 rats
75 creatures vanquished.

Vanquished Creatures (collateral kills)
  An adder (D:3)
  A dart slug (D:3)
  2 ball pythons (D:1)
  2 endoplasms
  A giant cockroach (D:1)
  2 goblins (D:2)
  A quokka (D:2)
  A bat (D:1)
  A kobold (D:1)
  A rat (D:1)
13 creatures vanquished.

Vanquished Creatures (others)
  A ball python zombie (D:3)
  4 hobgoblin zombies (D:2)
  A rat zombie (D:3)
  A worm zombie (D:2)
7 creatures vanquished.

Grand Total: 95 creatures vanquished

Notes
Turn   | Place    | Note
-------+----------+-------------------------------------------
     0 | D:5      | cbfl8 the Minotaur Delver began the quest for the Orb.
     0 | D:5      | Reached XP level 1. HP: 19/19 MP: 0/0
     8 | D:5      | Found a staircase to the Ecumenical Temple.
    15 | D:5      | Reached XP level 2. HP: 24/27 MP: 1/1
    25 | Temple   | Entered the Ecumenical Temple
    84 | Temple   | Became a worshipper of Yredelemnul the Dark
   161 | D:4      | Noticed a scorpion
   171 | D:4      | Killed a scorpion
   172 | D:4      | Reached skill level 5 in Stealth
   172 | D:4      | Reached XP level 3. HP: 32/33 MP: 2/2
   172 | D:4      | Reached XP level 4. HP: 38/40 MP: 3/3
   405 | D:2      | Noticed Natasha
   418 | D:2      | Killed Natasha
   590 | D:2      | Noticed Natasha
   599 | D:2      | Killed Natasha
   600 | D:2      | Reached skill level 1 in Armour
   600 | D:2      | Reached XP level 5. HP: 25/46 MP: 4/4
   852 | D:2      | Noticed Robin
  1149 | D:1      | Found a faded altar of an unknown god.
  1205 | D:1      | Reached * piety under Yredelemnul
  1628 | D:1      | Found Dicreful's Jewellery Shoppe.
  2592 | D:2      | Noticed Natasha
  2603 | D:2      | Killed Natasha
  3393 | D:2      | Reached ** piety under Yredelemnul
  3399 | D:2      | Killed Robin
  3954 | D:3      | Reached skill level 1 in Invocations
  3979 | D:3      | Reached XP level 6. HP: 47/53 MP: 5/5
  4468 | D:3      | Found a broken altar of Ashenzari.
  4486 | D:3      | Found a stormy altar of Qazlal.
  4505 | D:3      | Found a hazy altar of Hepliaklqana.
  4857 | D:4      | Noticed Duvessa
  4857 | D:4      | Noticed Dowan
  4868 | D:4      | HP: 2/53 [Dowan (16)]
  4868 | D:4      | Slain by Duvessa

Illustrated notes

Levels and vault maps discovered:
D:1:      minmay_arrival_three_doors, layout_basic,
          hellmonk_ecumenical_altar_defaced_shrine, serial_shops, shop,
          st_stairs_1
D:2:      layout_basic, corexii_item_surrounded_by_moat, uniq_robin,
          uniq_natasha
D:3:      layout_basic, minmay_overflow_temple_star_quad,
          minmay_increasing_density
D:4:      layout_basic, mainiacjoe_overflow_catwalk, uniq_duvessa
D:5:      layout_basic, kennysheep_mini_moat,
          minmay_temple_entry_drinking_statues
Temple:   corrupted_temple

Skill      XL: |  1  2  3  4  5 |
---------------+----------------+-----
Fighting       | 4 |  4.7
Stealth        | 5 |  5.5
Axes           | 3 |  3.6
Armour         | 1 2 |  2.3
Invocations    | 1 |  1.3
Short Blades   | |  0.3
Dodging        | |  2.4

Action                   |  1- 3 |  4- 6 || total
-------------------------+-------+-------++-------
Melee: Hand axe          |    10 |    62 ||    72
       Headbutt          |     3 |    26 ||    29
       Dagger            |       |   114 ||   114
Invok: Animate Remains   |       |    26 ||    26
  Use: Scroll            |       |     2 ||     2
Armor: Leather armour    |     1 |       ||     1
       Chain mail        |     4 |   137 ||   141
Dodge: Dodged            |     5 |    82 ||    87
